 Dungeon Crawl Stone Soup version 0.29-a0-393-g47a863cc1b (webtiles) character file.

Game seed: 12707723644321851679

128 dracfodder the Digger (level 5, -4/28 HPs)
             Began as a Gargoyle Earth Elementalist on May 9, 2022.
             Slain by a hobgoblin (6 damage)
             ... led by Robin
             ... on level 2 of the Dungeon.
             The game lasted 00:13:51 (2675 turns).

dracfodder the Digger (Gargoyle Earth Elementalist) Turns: 2675, Time: 00:13:51

Health: -4/28      AC:  8    Str: 12    XL:     5   Next: 11%
Magic:  10/10      EV: 12    Int: 17    God:
Gold:   189        SH:  0    Dex: 10    Spells: 5/11 levels left

rFire   . . .      SeeInvis .   e - +0 war axe
rCold   . . .      Faith    .   (no shield)
rNeg    + . .      Spirit   .   b - +0 robe
rPois   ∞          Reflect  .   l - +1 helmet
rElec   +          Harm     .   (no cloak)
rCorr   .          Rampage  .   (no gloves)
Will    .....                   (no boots)
Stlth   ++........              (no amulet)
HPRegen 0.09/turn               (no ring)
MPRegen 0.12/turn               (no ring)

@: no status effects
A: sickness immunity, AC +4, negative energy resistance 1, electricity
resistance, torment resistance 1, petrification resistance
a: no special abilities


You were on level 2 of the Dungeon.
You visited 1 branch of the dungeon, and saw 2 of its levels.

You collected 189 gold pieces.

Inventory:

Hand Weapons
 e - a +0 war axe (weapon)
Missiles
 a - 65 stones
Armour
 b - a +0 robe (worn)
 l - a +1 helmet (worn)
Jewellery
 k - a ring of positive energy
Scrolls
 d - 2 scrolls of identify {unknown}
 f - 2 scrolls of noise {unknown}
 g - 2 scrolls of fear {unknown}
 i - a scroll of amnesia {unknown}
Potions
 h - 3 potions of curing {unknown}
 j - a potion of heal wounds {unknown}
 m - a potion of invisibility {unknown}


   Skills:
 + Level 0.1 Axes
 + Level 1.9 Dodging
 + Level 2.4 Stealth
 * Level 3.8 Spellcasting
 + Level 1.1 Conjurations
 + Level 0.7 Transmutations
 + Level 4.4 Earth Magic


You had 5 spell levels left.
You knew the following spells:

 Your Spells              Type           Power      Damage    Failure   Level
a - Sandblast             Erth           36%        2d10      2%          1
b - Magic Dart            Conj           28%        1d4       11%         1
c - Passwall              Tmut/Erth      10%        N/A       9%          2
d - Searing Ray           Conj           14%        2d5       16%         2

Your spell library contained the following spells:

 Spells                   Type           Power      Damage    Failure   Level
 Animate Skeleton         Necr           6%         N/A       16%         1
 Pain                     Necr           12%        1d4       16%         1
 Stone Arrow              Conj/Erth      24%        3d8       16%         3
 Vampiric Draining        Necr           3%         2d6       43%         3
 Petrify                  Tmut/Erth      12%        N/A       50%         4
 Fulminant Prism          Conj/Hex       2%         3d6       77%         4


Dungeon Overview and Level Annotations

Branches:
Dungeon (2/15)

Altars:
Zin


Innate Abilities, Weirdness & Mutations

You are immune to sickness and miasma.
Your stone body is resilient. (AC +4)
You are immune to poison.
You resist negative energy. (rN+)
You are resistant to electric shocks. (rElec)
You are resistant to unholy torment.
You are immune to petrification.


Message History

A goblin comes into view. It is wielding a +0 dagger.
Aiming: Sandblast (safe; 2% risk of failure)
Press: ? - help, Q - select action, (/) - cycle Shift-Dir - straight line, f/p - goblin
Aim: a goblin, wielding a +0 club (74% to hit)
The blast of sand hits the goblin.
You kill the goblin!
Robin of the Strong Arm comes into view.
They are wielding a +9 club.
You have reached level 5!
Aiming: Sandblast (safe; 2% risk of failure)
Press: ? - help, Q - select action, (/) - cycle Shift-Dir - straight line, f - goblin
Aim: a goblin, wielding a +0 dagger (74% to hit)
The blast of sand hits the goblin!
You kill the goblin!
Robin roars a battlecry!
A hobgoblin comes into view.
You hear a shout! x2
Aiming: Sandblast (safe; 2% risk of failure)
Press: ? - help, Q - select action, (/) - cycle Shift-Dir - straight line, f - Robin
Aim: Robin, wielding a +9 club, wearing a +0 animal skin and wearing a +0 helmet (85% to hit)
The blast of sand hits Robin!
Robin is severely wounded.
A goblin comes into view.
It is wielding a +0 club. 2 hobgoblins come into view.
The hobgoblin shouts! x2
A goblin comes into view. It is wielding a +0 dagger.
Robin hits you with a +9 club!
You hit Robin.
Robin is almost dead.
A goblin comes into view. It is wielding a +0 dagger.
A goblin comes into view. It is wielding a +0 club.
Robin hits you with a +9 club! x2
* * * LOW HITPOINT WARNING * * *
You slash Robin!
You kill Robin!
You hit the hobgoblin.
The hobgoblin is heavily wounded.
The hobgoblin barely misses you. x2
Your magical contamination has completely faded away.
Magic courses through your body. The hobgoblin hits you.
You die...

#.#..# #.# ##########'## # #.##.#
#.# #......##...## # #....#
##.###.####.#.....## .....#
#.......# #.....)..## #
..#..######.#....###......)..####
...................'.........'...
.....########....###.........####
..#### ##............#### # #.#
###@#####..###. #.# ####### #g#
####... #.###.....###
##g######.....
###.........###ggg..gg...)..
#...............g.........#l
.......................####
############.........###
###.._..### #######


You could see 2 hobgoblins and 4 goblins.

Vanquished Creatures
  Terence (D:2)
  Robin (D:2)
  3 adders (D:2)
  A worm (D:2)
  3 dart slugs
  5 ball pythons
  2 bats
  5 endoplasms
  10 goblins
  2 hobgoblins
  2 jackals (D:1)
  6 kobolds
  4 quokkas (D:1)
  3 frilled lizards
  4 rats
52 creatures vanquished.

Notes
Turn   | Place    | Note
-------+----------+-------------------------------------------
     0 | D:1      | dracfodder the Gargoyle Earth Elementalist began the quest
                  | for the Orb.
     0 | D:1      | Reached XP level 1. HP: 10/10 MP: 3/3
   108 | D:1      | Reached XP level 2. HP: 13/15 MP: 1/5
   109 | D:1      | Reached skill level 4 in Earth Magic
   373 | D:1      | Reached XP level 3. HP: 17/19 MP: 4/6
   484 | D:1      | Learned a level 1 spell: Magic Dart
   487 | D:1      | Learned a level 2 spell: Passwall
   490 | D:1      | Learned a level 2 spell: Searing Ray
  1316 | D:2      | Reached XP level 4. HP: 24/24 MP: 3/8
  1470 | D:2      | Noticed Terence
  1481 | D:2      | Killed Terence
  1791 | D:2      | Found a glowing silver altar of Zin.
  2195 | D:2      | Found a faded altar of an unknown god.
  2372 | D:2      | Reached skill level 1 in Conjurations
  2665 | D:2      | Noticed Robin
  2666 | D:2      | Reached XP level 5. HP: 28/28 MP: 2/10
  2673 | D:2      | Killed Robin
  2675 | D:2      | Slain by a hobgoblin

Illustrated notes

Levels and vault maps discovered:
D:1:      tarquinn_simple_flora_water_a, layout_basic
D:2:      layout_loops_corners, hellmonk_ecumenical_altar_zigzags, basic_altar,
          minmay_misc_feat_diagonals, minmay_split_cup_small, uniq_terence,
          uniq_robin

Skill      XL: |  1  2  3  4 |
---------------+-------------+-----
Earth Magic    | 4 |  4.4
Spellcasting   | 3 |  3.8
Conjurations   | 1 |  1.1
Axes           | |  0.1
Dodging        | |  1.9
Stealth        | |  2.4
Transmutations | |  0.7

Action                   |  1- 3 |  4- 6 || total
-------------------------+-------+-------++-------
Melee: Unarmed           |     9 |       ||     9
       Dagger            |     6 |       ||     6
       War axe           |       |     6 ||     6
 Cast: Sandblast         |    37 |    17 ||    54
       Magic Dart        |    23 |    15 ||    38
       Searing Ray       |     1 |     5 ||     6
  Use: Potion            |       |     1 ||     1
Armor: Robe              |     8 |     3 ||    11
Dodge: Dodged            |    22 |     7 ||    29

Table legend: (Time is in decaauts)
 A = Elapsed time spent in this place.
 B = Non-inter-level travel time spent in this place.
 C = Inter-level travel time spent in this place.
 D = Time resting spent in this place.
 E = Time spent auto-exploring this place.
 F = Levels seen in this place.
 G = Mean time per level.
                   A        B        C        D        E       F      G
               +--------+--------+--------+--------+--------+-----+--------+
         Total |   2676 |   2662 |     14 |   1243 |   1029 |   2 | 1338.0 |
       Dungeon |   2676 |   2662 |     14 |   1243 |   1029 |   2 | 1338.0 |
               +--------+--------+--------+--------+--------+-----+--------+

Top non-repeatable levels by time:
     D:2: 1742 daAuts
     D:1: 934 daAuts
